[Event "Romanian Superleague 2022"]
[Site "Oradea"]
[Date "2022.09.29"]
[Round "9.9"]
[White "Iordachescu, Viorel"]
[Black "Stepanencu, Nicodim-Cosmin"]
[Result "1-0"]
[ECO "C78"]
[WhiteElo "2585"]
[BlackElo "2289"]
[Annotator "TA"]
[PlyCount "57"]
[EventDate "2022.09.21"]
[EventType "team-tourn"]
[EventCountry "ROU"]
[SourceTitle "playchess.com"]
[Source "ChessBase"]
[SourceQuality "1"]
[TimeControl "40/5400+30:1800+30"]

1. e4 e5 2. Nf3 Nc6 3. Bb5 a6 4. Ba4 Nf6 5. Bxc6 dxc6 6. d3 Bc5 7. Be3 Qe7 8. O-O Bg4 {[%emt 0:02:12] has lost popularity (8...0-0). C78: Ruy Lopez: Archangelsk and Möller Defences.} 9. Nbd2 O-O-O 10. Qc1 (10. Bxc5 $14 Qxc5 11. Re1) 10... h6 (10... Nd7 $11) 11. a3 g5 {[%emt 0:01:01] [#]} (11... Bxe3 $11 12. fxe3 Bxf3 13. Rxf3 Kb8) 12. b4 $146 ({Predecessor:} 12. h3 Bh5 13. Bxc5 Qxc5 14. Nb3 Qe7 15. Qe3 b6 16. Nfd2 g4 17. h4 {0-1 (39) Micek,J (1739)-Zido,P (1931) Slovakia 2017}) 12... Bd4 13. Bxd4 exd4 14. Qb2 Bxf3 15. Nxf3 Qd7 16. a4 {[%emt 0:02:55][%cal Ob4b5] aiming for b5!} Nh5 17. b5 Nf4 $1 (17... cxb5 18. axb5 Nf4 19. bxa6 $16) 18. Rfb1 Qg4 19. Ne1 Ne2+ 20. Kh1 Nc3 $1 21. bxc6 b6 22. Nf3 {[%emt 0:04:15] Threatens to win with a5.} Qf4 (22... Nxb1 $14 23. Rxb1 Qe6) 23. Qb4 $16 Nxb1 24. Rxb1 $40 {[%emt 0:05:27][%mdl 128] White attacks with force.} Kb8 25. Qc4 (25. Qe7 $16 {[%cal Ob1b6] White wants to mate with Rxb6+!} Ka7 26. Ne5) 25... Ka7 $11 26. a5 {[%emt 0:01:16] Hoping for axb6+.} b5 (26... Rb8 $1 $11) 27. Qc5+ $16 Ka8 28. Nxd4 {[%emt 0:01:31] White is more active.} Qxf2 $2 {[%emt 0:05:40][%mdl 8192] [#]} (28... Rb8 $16) 29. Nxb5 $1 {[%emt 0:00:32][%mdl 512] Weighted Error Value: White=0.24 (precise) /Black=0.20 (precise)} 1-0

[Event "Romanian Superleague 2022"]
[Site "Oradea"]
[Date "2022.09.29"]
[Round "9.10"]
[White "Vajda, Albert"]
[Black "Szabo, Gergely-Andras-Gyula"]
[Result "1/2-1/2"]
[ECO "D31"]
[WhiteElo "2305"]
[BlackElo "2512"]
[Annotator "TA"]
[PlyCount "20"]
[EventDate "2022.09.21"]
[EventType "team-tourn"]
[EventCountry "ROU"]
[SourceTitle "playchess.com"]
[Source "ChessBase"]
[SourceQuality "1"]
[TimeControl "40/5400+30:1800+30"]

1. d4 d5 2. c4 e6 3. Nc3 a6 4. cxd5 exd5 5. Nf3 h6 6. Bf4 {[%emt 0:15:09] D31: Queen's Gambit Declined: Semi-Slav without ...Nf6 (+ Marshall Gambit and Noteboom) and Exchange Variation lines without ...Nf6.} Nf6 7. e3 Bd6 8. Bg3 Bxg3 {[%emt 0:19:07] The position is equal.} 9. hxg3 {[%emt 0:00:07] [#]} Qd6 $146 ({Predecessor:} 9... O-O 10. Bd3 Re8 11. Qc2 c5 12. dxc5 d4 13. Nd1 Nc6 14. a3 Bg4 15. O-O Bxf3 16. gxf3 {1-0 (81) Iniyan,P (2556)-Panda,S (2346) Dubai 2022}) 10. Bd3 Nc6 {[%emt 0:08:53] Black did not feel at home in the position after the opening.  Weighted Error Value: White=0.12 (very precise) /Black=0.03 (flawless)} 1/2-1/2

[Event "Romanian Superleague 2022"]
[Site "Oradea"]
[Date "2022.09.29"]
[Round "9.11"]
[White "Nevednichy, Vladislav"]
[Black "Balla, Tamas-Kristof"]
[Result "1-0"]
[ECO "B42"]
[WhiteElo "2472"]
[BlackElo "2325"]
[Annotator "TA"]
[PlyCount "57"]
[EventDate "2022.09.21"]
[EventType "team-tourn"]
[EventCountry "ROU"]
[SourceTitle "playchess.com"]
[Source "ChessBase"]
[SourceQuality "1"]
[TimeControl "40/5400+30:1800+30"]

1. e4 c5 2. Nf3 e6 3. d4 cxd4 4. Nxd4 a6 5. Bd3 Nf6 6. O-O Qc7 7. Qe2 d6 8. c4 Nbd7 9. f4 b6 {[%emt 0:02:56] B42: Sicilian: Kan Variation: 5 Bd3.} 10. Nc3 Bb7 11. Bd2 Be7 {[%emt 0:08:23] White is slightly better.} 12. Rac1 O-O 13. b4 g6 (13... Rac8 $14) 14. f5 $1 $16 exf5 15. exf5 Qd8 16. fxg6 hxg6 {[%emt 0:00:30] [#]} 17. Bh6 $146 (17. Nf5 $142 $1 Re8 18. Nh6+ Kg7 19. Rce1 (19. Nd5 Bxd5 20. cxd5 Ne5 $14)) ({Predecessor:} 17. Nd5 Nxd5 18. cxd5 Bxd5 19. Be4 Bxe4 20. Qxe4 Ne5 21. Qd5 Qd7 22. Rce1 Rfd8 23. Nf3 {½-½ (70) Fakhrutdinov,T (2481)-Radzhabov,R (2329) Moscow 2019}) 17... Re8 {[%emt 0:05:26] [#]} 18. Bxg6 $1 {[%emt 0:14:53] White has more active pieces.} fxg6 19. Qe6+ ({Much worse is} 19. Ne6 Qc8 20. Ng7 Ne5 21. Nxe8 Qxe8 $17) 19... Kh8 {[%emt 0:00:08] [#]} (19... Kh7 $16 20. Bg5 Kh8) 20. Qh3 $1 $18 {[%emt 0:06:09][%mdl 1024] White has strong compensation.} Nh5 (20... Ne5 $2 21. Ne6 Nh5 22. Nxd8 $18) 21. Ne6 {[%emt 0:04:35] Inhibits Bg5.} Qc8 {[%emt 0:00:39] Strongly threatening ...Ne5.} 22. Nd5 $40 {[%emt 0:06:44][%mdl 128] White goes for the king.} Bd8 $2 (22... Bf6 $2 {[#]} 23. Rxf6 $1 Bxd5 24. cxd5 Ndxf6 25. Rxc8 Raxc8 26. g4 $18) (22... Ne5 {was necessary.}) 23. Ndf4 (23. Bg7+ Kg8 24. Ndf4 Nf8 25. Nxh5 (25. Bxf8 Nxf4 26. Qh6 Ne2+ 27. Kf2 Bh4+ 28. g3 Rxf8+ 29. Nxf8 Qf5+ 30. Ke1 Bf3 $17) 25... Nxe6 $11) 23... Ne5 (23... Rxe6 24. Qxe6 Ne5) 24. Nxh5 {[%emt 0:02:15][%cal Bf4h5,Bh5f6,Bf6d5][%mdl 32] White is clearly winning.} Nf3+ 25. Rxf3 Bxf3 26. Qxf3 {[%emt 0:01:46] White threatens Qc3+ and mate.} Qxe6 27. Qc3+ ({Weaker is} 27. Qxa8 Bg5 28. Qf3 (28. Bg7+ $2 Kg8 $19) 28... Bxh6 $11) 27... Bf6 28. Nxf6 Re7 29. Nd5+ {[%emt 0:00:15] Weighted Error Value: White=0.06 (flawless) /Black=0.34} 1-0

[Event "Romanian Superleague 2022"]
[Site "Oradea"]
[Date "2022.09.29"]
[Round "9.12"]
[White "Barzanu, Iulian"]
[Black "Stoleriu, George"]
[Result "0-1"]
[ECO "E62"]
[WhiteElo "2190"]
[BlackElo "2392"]
[Annotator "TA"]
[PlyCount "98"]
[EventDate "2022.09.21"]
[EventType "team-tourn"]
[EventCountry "ROU"]
[SourceTitle "playchess.com"]
[Source "ChessBase"]
[SourceQuality "1"]
[TimeControl "40/5400+30:1800+30"]

1. d4 Nf6 2. Nf3 g6 3. g3 Bg7 4. Bg2 O-O 5. O-O d6 6. c4 c6 7. Nc3 Bf5 $1 {[%emt 0:00:18][%mdl 4] is currently scoring better than 7...Qa5.} 8. Nh4 Be6 9. d5 Bd7 {[%emt 0:00:04] E62: King's Indian: Fianchetto: 6...c6 and Panno Variation (6...Nc6) without ...a6.} 10. Nf3 Na6 11. Nd4 cxd5 {[%emt 0:04:38] The position is equal.} 12. cxd5 Qb6 13. Nb3 Nc5 {[%emt 0:08:21] [#]} 14. h3 $146 ({Predecessor:} 14. Nxc5 Qxc5 15. Qb3 Qa5 16. Bd2 Qa6 17. Rfc1 Rac8 18. a4 b6 19. h3 Rfd8 20. Nb5 Qb7 21. Be3 Bxb5 22. Qxb5 {1-0 (35) Andersson,U (2520)-Gaertner,M (1977) Bad Wiessee 2014}) 14... Na4 15. Be3 Nxc3 (15... Nxb2 16. Qc2 Qb4 17. a3 $18 (17. Qxb2 Ne4 $16)) 16. bxc3 Qa6 17. Bd4 Rfc8 18. e4 Ne8 19. f4 Bxd4+ 20. cxd4 Rc3 21. Rf3 ({Better is} 21. Qe1 $1 $15 Qc4 22. Rc1 Rxc1 23. Qxc1) 21... Rac8 (21... Rxf3 $17 22. Bxf3 (22. Qxf3 Rc8 $15) 22... Rc8) 22. g4 (22. Nc5 $1 $11 R3xc5 23. dxc5) 22... Ba4 {[%emt 0:03:26] Black has more active pieces.} (22... Rc2 {keeps more tension.} 23. Rf2 Rxf2 24. Kxf2 Rc3) 23. Rxc3 Rxc3 24. Rc1 (24. Qe1 $17 Rc2 25. Bf1) 24... Bxb3 25. axb3 {[%emt 0:00:13] [#]} Rxc1 26. Qxc1 $19 {[%emt 0:00:03][%mdl 4096] Endgame KQB-KQN} Qd3 27. Qc8 Qxd4+ 28. Kh1 Kf8 {[%emt 0:00:04] ...Qd1+ is the strong threat.} 29. Qxb7 Nf6 30. e5 Ne4 ({Worse is} 30... dxe5 31. Qb8+ Kg7 32. Qxe5 Qxe5 33. fxe5) 31. Qc8+ (31. exd6 $142 exd6 32. Bxe4 Qxe4+ 33. Kh2) 31... Kg7 {[%emt 0:00:02] [#] ( -> ...Ng3+)} 32. Qc2 Ng3+ 33. Kh2 Qxf4 34. exd6 {[%emt 0:00:29] Black must now prevent Qc3+.} Ne4+ ({Not} 34... Nf1+ 35. Kg1 Ne3 36. Qf2 (36. Qc3+ f6 $11) 36... Qxf2+ 37. Kxf2 Nxg4+ 38. hxg4 $16) (34... Ne2+ $19 {is more deadly.} 35. Kh1 Qf2) 35. Kh1 $17 Nxd6 36. Qc5 {[%emt 0:00:34] Against Qe3} a6 37. Qa5 (37. Qa7 $17) 37... Qe3 38. Qxa6 Qxb3 39. Qe2 Kf8 40. Qe5 f6 41. Qf4 Qb2 42. Qa4 (42. Kg1 {was called for.}) 42... Qe2 43. Qb4 (43. Qf4 $142) 43... Nc4 $19 44. Qb8+ Kg7 {[%emt 0:00:36] aiming for ...Ne3.} 45. Qc7 Kf7 {[%emt 0:05:25] Threatens to win with ...Ne3.} 46. Qf4 (46. Qg3) 46... Ne3 {[%emt 0:03:15][%csl Ge3][%cal Re2g2] Black is clearly winning.} 47. Be4 g5 48. Qf3 Qe1+ 49. Kh2 Nf1+ {[%emt 0:00:02] Weighted Error Value: White=0.63/Black=0.30} 0-1

[Event "Romanian Superleague 2022"]
[Site "Oradea"]
[Date "2022.09.29"]
[Round "9.13"]
[White "Pranav Vijay"]
[Black "Efimenko, Zahar"]
[Result "1-0"]
[ECO "C90"]
[WhiteElo "2265"]
[BlackElo "2599"]
[Annotator "TA"]
[PlyCount "111"]
[EventDate "2022.09.21"]
[EventType "team-tourn"]
[EventCountry "ROU"]
[SourceTitle "playchess.com"]
[Source "ChessBase"]
[SourceQuality "1"]
[TimeControl "40/5400+30:1800+30"]

1. e4 e5 2. Nf3 Nc6 3. Bb5 a6 4. Ba4 Nf6 5. O-O Be7 6. d3 b5 7. Bb3 d6 8. c3 O-O 9. h3 Na5 10. Bc2 c5 11. Re1 Re8 12. Nbd2 Nc6 13. Nf1 {[%emt 0:01:30] 13.a4 is the hot move.} h6 14. Ng3 Be6 15. a4 {[%emt 0:02:08] C90: Closed Ruy Lopez with 7...d6: Early deviations.} b4 16. Bb3 {[%emt 0:08:47] [#]} (16. d4 {feels stronger.} exd4 17. cxd4 cxd4 18. Nxd4 Nxd4 19. Qxd4) 16... bxc3 $146 ({Predecessor:} 16... Bxb3 17. Qxb3 bxc3 18. bxc3 Rb8 19. Qa2 Bf8 20. Bd2 Na5 21. Rab1 c4 22. dxc4 Rxb1 23. Rxb1 {0-1 (61) Schramm,C (2371)-Nyback,T (2571) Germany 2019}) 17. Bxe6 {[%emt 0:02:07] The position is equal.} fxe6 18. bxc3 Rb8 19. Nf1 Qb6 20. N1d2 Na5 21. Qc2 Qc6 22. Qa2 c4 23. dxc4 Nd7 24. Ba3 Nb7 25. a5 Nbc5 26. Qc2 Rf8 27. Rab1 Rxb1 28. Rxb1 Bd8 29. Bb4 Nb7 30. Ra1 Nbc5 31. Re1 Nb7 32. Ra1 Nbc5 33. Qd1 Nf6 34. Bxc5 Qxc5 35. Ne1 Qc6 36. Qe2 (36. Qa4 $16 Qxa4 37. Rxa4) 36... Nd7 $14 37. Nd3 Bg5 38. Nb4 Qb7 39. Nb3 Rc8 {[%emt 0:00:50] Prevents c5.} 40. h4 (40. c5 $5) 40... Be7 41. Nd2 Nc5 42. g3 Bd8 43. Kg2 Qc7 44. Nd3 Nb7 {[%emt 0:03:16] [#]} (44... Rb8 $11) 45. Qg4 (45. c5 $1 $16) 45... Qd7 46. f4 Nxa5 (46... exf4 $11 47. gxf4 Kh8) 47. fxe5 dxe5 48. Ra2 (48. Kh3 $5 ) 48... h5 ({Better is} 48... Qe8 $14) 49. Qe2 $16 Bc7 50. Nb4 Bb6 51. Nxa6 ({Don't do} 51. Qxh5 $6 Be3 $16) 51... Nb7 52. Nb4 {[%emt 0:04:51] Pair of Knights!} Nc5 53. Qxh5 Rf8 {[%emt 0:00:04] [#]} (53... Qf7 $16 {was worth a try.} 54. Qe2 Rf8) 54. Nf3 $1 $18 Qd1 $2 (54... Nxe4 55. Qxe5 Nc5) 55. Nc6 Qd6 {[%emt 0:01:12] [#] Prevents Ne7+.} 56. Ng5 $1 {[%emt 0:00:04] Weighted Error Value: White=0.12 (very precise) /Black=0.36} 1-0

[Event "Romanian Superleague 2022"]
[Site "Oradea"]
[Date "2022.09.29"]
[Round "9.14"]
[White "Baklan, Vladimir"]
[Black "Grigore, George-Gabriel"]
[Result "1/2-1/2"]
[ECO "B31"]
[WhiteElo "2578"]
[BlackElo "2455"]
[Annotator "TA"]
[PlyCount "51"]
[EventDate "2022.09.21"]
[EventType "team-tourn"]
[EventCountry "ROU"]
[SourceTitle "playchess.com"]
[Source "ChessBase"]
[SourceQuality "1"]
[TimeControl "40/5400+30:1800+30"]

1. e4 c5 2. Nf3 Nc6 3. Bb5 g6 4. Bxc6 dxc6 5. d3 Bg7 6. h3 Nf6 7. Nc3 O-O {[%emt 0:01:20][%cal Oe7e5] B31: Sicilian: 2...Nc6 3 Bb5 g6.} 8. Bf4 Nd7 (8... Nh5 $5 9. Be3 Qd6 $11) 9. Qd2 e5 {[%emt 0:00:57] White is slightly better.} 10. Bh6 f6 11. Bxg7 Kxg7 12. Nh2 {[%emt 0:00:02] [#]} Rf7 $146 ({Predecessor:} 12... Rh8 13. O-O-O Nf8 14. f4 exf4 15. Qxf4 Ne6 16. Qf2 Qd4 17. Qg3 Ng5 18. h4 Nf7 {1-0 (31) Nedev,T (2482)-Kiroski,T (2285) Skopje 2015}) 13. Ne2 Nf8 14. f4 ({Much weaker is} 14. Ng4 Bxg4 15. hxg4 Kg8 $11) 14... exf4 15. Nxf4 Qd6 16. O-O-O Bd7 17. Nf3 Re8 18. Rhe1 Bc8 19. g4 Kg8 20. Re2 Nd7 21. Rf1 Ne5 22. Ng2 Be6 23. Ne3 Rd8 24. Qc3 Nxf3 25. Rxf3 Qd4 26. a3 {[%emt 0:05:35] Weighted Error Value: White=0.10 (very precise) /Black=0.12 (very precise)} 1/2-1/2

[Event "Romanian Superleague 2022"]
[Site "Oradea"]
[Date "2022.09.29"]
[Round "9.15"]
[White "Vedmediuc, Serghei"]
[Black "Nanu, Costica-Ciprian"]
[Result "1/2-1/2"]
[ECO "B12"]
[WhiteElo "2430"]
[BlackElo "2518"]
[Annotator "TA"]
[PlyCount "127"]
[EventDate "2022.09.21"]
[EventType "team-tourn"]
[EventCountry "ROU"]
[SourceTitle "playchess.com"]
[Source "ChessBase"]
[SourceQuality "1"]
[TimeControl "40/5400+30:1800+30"]

1. e4 c6 2. d4 d5 3. e5 Bf5 4. Nf3 e6 5. Be2 Nd7 6. O-O h6 7. Nbd2 Ne7 {[%emt 0:00:18] B12: Caro-Kann: Advance Variation.} 8. Nb3 Qc7 9. Bd2 a5 10. a4 g5 11. Rc1 Bg7 12. Ne1 b6 {[%emt 0:15:09] [#]} (12... O-O $11 {keeps the balance.}) 13. c4 $146 ({Predecessor:} 13. f4 gxf4 14. Bxf4 Ng6 15. Be3 O-O 16. c4 dxc4 17. Rxc4 Be4 18. Qc1 Qd8 19. Bxh6 {1-0 (39) Vehi Bach,V (2313)-Coll Ortega,J (2295) Catalunya 2014}) 13... dxc4 14. Bxc4 Qb8 15. f4 gxf4 16. Bd3 (16. Bxf4 $16 Qa7 17. Bd3) 16... c5 $14 17. Bb5 Ra7 18. Bxf4 O-O 19. Nf3 Ng6 20. Bg3 (20. dxc5 Nxf4 21. Qd2 Nd5 $17) 20... Be4 21. dxc5 Nxc5 22. Nxc5 bxc5 23. Rxc5 Rc7 24. Rxc7 Qxc7 25. Qd6 Qc2 26. b4 axb4 27. Qxb4 Bd5 (27... Nxe5 $2 28. Ne1 Qb1 29. Qxb1 Bxb1 30. Bxe5 $18) 28. Qg4 Rc8 29. h4 Rc3 30. h5 Bxf3 {[%emt 0:01:51][%mdl 64] [#] Remove Defender} 31. Rxf3 Rxf3 32. Qxf3 (32. gxf3 $5 Nxe5 33. Qe4 $14 (33. Bxe5 Qc5+ 34. Qd4 Qxd4+ 35. Bxd4 Bxd4+ 36. Kg2 Bb6 $11)) 32... Nxe5 33. Qe2 Qf5 34. Bxe5 Bxe5 $11 {[%emt 0:00:00][%mdl 4096] Endgame KQB-KQB} 35. Bd3 Qf4 36. Qe4 Qc1+ (36... Qg5 $5 ) 37. Kf2 Qb2+ 38. Kf3 {[%emt 0:00:05] The position is equal.} Kf8 39. Qa8+ Kg7 40. Qe4 f5 41. Qc4 Qb7+ 42. Kf2 Qb6+ 43. Kf3 Bd4 ({Of course not} 43... Qb7+ $6 44. Kf2 $15) 44. Qb5 Qa7 45. g4 Qa8+ 46. Kg3 {[%emt 0:00:26] [#] Threatens to win with Qd7+.} Kf6 {[%emt 0:01:46][%cal Of5f4] ( -> ...f4+!)} 47. gxf5 Be5+ 48. Kf2 Bd4+ 49. Ke1 (49. Kg3 Qh1 50. Qd7 Qe1+ 51. Kh3 (51. Kg4 {is a self mate.} Qd1+ 52. Kf4 Qd2+ 53. Kg3 Qxd3+ 54. Kh2 Qe2+ 55. Kh3 Qf1+ 56. Kg3 Be5+ 57. Kh4 Qf4+ 58. Kh3 Qg3#) 51... Qe3+ 52. Kg4 Qg5+ 53. Kh3 Qe3+ 54. Kg4 Qg5+ 55. Kh3 Qe3+ $11) 49... Qf3 50. Qc4 {[%emt 0:03:33][%csl LRd4,LRe6] Against Bc3+} Qh1+ 51. Kd2 {[%emt 0:00:25] Dancing on a razor blade.} Qh2+ 52. Be2 Qf4+ 53. Kd1 Kxf5 54. Qc2+ Kf6 (54... Qe4 $2 55. Bd3 Qxd3+ 56. Qxd3+ $18) 55. Qg6+ Ke7 56. Qh7+ Kd6 57. Qb7 Be5 58. Qb6+ Ke7 59. Qb7+ Bc7 60. Qb5 Qd4+ 61. Kc2 Be5 62. Qb7+ Kf6 {[%emt 0:00:05] aiming for ...Qc3+.} 63. Qf3+ ({Much weaker is} 63. Qh7 Qc3+ 64. Kd1 Qa1+ 65. Kc2 Qc3+ 66. Kd1 Qd4+ 67. Qd3 Qxa4+ 68. Qc2 Qd7+ 69. Qd2 Qa4+ 70. Qc2 Qd4+ 71. Qd3 Qa1+ 72. Kc2 Ke7 $15) 63... Bf4 64. Qc3 {[%emt 0:00:17] Weighted Error Value: White=0.06 (flawless) /Black=0.07 (flawless)} 1/2-1/2

[Event "Romanian Superleague 2022"]
[Site "Oradea"]
[Date "2022.09.29"]
[Round "9.16"]
[White "Rogozenco, Dorian"]
[Black "Manea, Alexandru"]
[Result "1/2-1/2"]
[ECO "E09"]
[WhiteElo "2438"]
[BlackElo "2326"]
[Annotator "TA"]
[PlyCount "89"]
[EventDate "2022.09.21"]
[EventType "team-tourn"]
[EventCountry "ROU"]
[SourceTitle "playchess.com"]
[Source "ChessBase"]
[SourceQuality "1"]
[TimeControl "40/5400+30:1800+30"]

1. d4 d5 2. c4 c6 3. Nf3 Nf6 4. Qc2 e6 5. Nbd2 Nbd7 6. g3 Be7 7. Bg2 O-O 8. O-O b6 9. e4 dxc4 10. Nxc4 Bb7 11. Rd1 c5 12. Nfe5 {[%emt 0:23:25] E09: Closed Catalan: Main Line: 7 Qc2 c6 8 Nbd2.} (12. e5 $5 Nd5 13. dxc5 $11) 12... cxd4 $1 13. Rxd4 Bc5 14. Rd1 Qe7 15. Bg5 Nxe5 16. Nxe5 {[%emt 0:00:13][%cal Od1d7] aiming for Rd7!} Rfd8 {[%emt 0:00:05] Prevents Rd7.} 17. Ng4 {[%emt 0:02:03] [#]} h5 $146 ({Predecessor:} 17... e5 18. Bxf6 gxf6 19. Nh6+ Kh8 20. Qc4 Rd4 21. Rxd4 Bxd4 22. Nf5 Qe6 23. Qc7 Ba6 24. Nxd4 exd4 {1-0 (40) Yangutov,A (2157)-Meremyanina,K (1686) Ekaterinburg 2019}) 18. Nxf6+ gxf6 19. Bh4 (19. Bh6 $5 ) 19... Bd4 20. Qe2 {[%emt 0:02:58] Black must now prevent e5.} Qc5 21. Rxd4 Qxd4 $11 (21... Rxd4 22. Bxf6 Rc4 23. b4 $18) 22. Qxh5 {[%emt 0:00:23][%cal Oe4e5] And now e5! would win.} Qxb2 23. Rf1 {[%emt 0:01:51] [#]} (23. Re1 $1 $11 Rac8 24. Bf1) 23... Kf8 $2 (23... Ba6 $1 $17 {[%cal Ra6f1] stays on course.} 24. e5 Qe2 25. Qxe2 Bxe2) 24. e5 $18 {[%emt 0:03:45] White wants to mate with Qh8+.} Bxg2 25. Qh8+ (25. Bxf6 Ke8 26. Kxg2 Qc2 $16) 25... Ke7 26. Qxf6+ Kd7 27. Kxg2 {[%emt 0:05:22] Really sharp!} Kc6 28. Qxf7 Qxa2 29. Rc1+ Kb5 30. Kg1 $4 (30. Bxd8 $18 {was the only winning move. White threatens Qd7+ and mate.} Rxd8 31. h4) 30... Rac8 $19 31. Rf1 Rd3 32. Bg5 Rc2 $2 (32... a5 $19 {is more deadly. Threatens to win with ...a4.} 33. Qg6 Qd5) 33. h4 $2 {[%emt 0:00:31][%mdl 8192] [#]} (33. Qe8+ $17 Ka6 34. Qh5) 33... Rxg3+ $3 34. Kh2 Qb3 $2 ({Better is} 34... Rd3 $19 35. Kg1 Qd5 36. Qe8+ Kb4 37. Be7+ Kb3) 35. Qd7+ $16 Kc4 (35... Kc5 $16) 36. Qxe6+ $18 Kb5 ({Black should try} 36... Kc5 $18 37. Qd6+ (37. Qd7 Qd3 $11) 37... Kb5 38. Qd7+ Kc5) 37. Qd7+ $16 {[%emt 0:00:29][%mdl 1024] White has strong compensation.} Kc4 $4 (37... Kc5 $16) 38. Qc6+ $18 Kd4 39. Qd6+ $2 (39. Rd1+ $18 Rd3 40. Be3+ Kxe5 41. Qe8+ Qe6 42. Bf4+ Kf5 43. Qh5+ Kxf4 44. Qg5+ Ke4 45. Re1+ Kd4 46. Rxe6 Rxf2+ 47. Kg1) 39... Kc4 $11 40. Qc7+ Kd3 (40... Kb5 $5 41. Qd7+ (41. Qxa7 $2 Rxf2+ 42. Rxf2 Rh3+ 43. Kg2 Qg3+ 44. Kf1 Rh1+ 45. Ke2 Qg4+ 46. Kd3 Qc4+ 47. Kd2 Qd4+ 48. Ke2 Qc4+ 49. Kd2 Qb4+ 50. Kd3 Rh3+ 51. Be3 Qb3+ 52. Ke4 Qxe3+ 53. Kd5 Qc5+ 54. Ke6 Qxf2 $19) 41... Kc5 $16) 41. Qd7+ Kc4 42. Qc8+ $1 Kb5 43. Qe8+ Kc4 $1 {[%emt 0:00:37][%cal Oc2f2] ( -> ...Rxf2+!)} 44. Qf7+ Kb5 45. Qd7+ {[%emt 0:01:26] What a fight!  Weighted Error Value: White=0.55/Black=0.45} (45. Qxa7 Rxf2+ 46. Rxf2 Rh3+ 47. Kg2 Qg3+ 48. Kf1 Rh1+ 49. Ke2 Qg4+ 50. Kd3 Qc4+ 51. Kd2 Qb4+ 52. Kd3 Rh3+ 53. Be3 (53. Ke2 {is a self mate.} Qe4+) 53... Qb3+ 54. Ke4 Qxe3+ 55. Kd5 Qc5+ 56. Ke6 Qxf2 $19) 1/2-1/2

[Event "Romanian Superleague 2022"]
[Site "Oradea"]
[Date "2022.09.29"]
[Round "9.17"]
[White "Antonica, Dragos-Andrei"]
[Black "Manolache, Marius"]
[Result "1/2-1/2"]
[ECO "D03"]
[WhiteElo "2321"]
[BlackElo "2455"]
[Annotator "TA"]
[PlyCount "91"]
[EventDate "2022.09.21"]
[EventType "team-tourn"]
[EventCountry "ROU"]
[SourceTitle "playchess.com"]
[Source "ChessBase"]
[SourceQuality "1"]
[TimeControl "40/5400+30:1800+30"]

1. d4 Nf6 2. Nf3 g6 3. Bg5 Bg7 4. Nbd2 d5 5. c3 Nbd7 6. e3 {[%emt 0:02:20] D03: 1 d4 d5 2 Nf3 Nf6 3 Bg5, including Torre Attack with early ...d5.} O-O 7. Bh4 c5 8. Be2 b6 9. O-O Bb7 10. b4 c4 11. a4 a6 {[%emt 0:02:26] [#]} 12. Qc2 $146 ({Predecessor:} 12. b5 a5 13. h3 Rc8 14. Qc2 e6 15. Ne5 Qe8 16. Bg3 Nxe5 17. Bxe5 Qe7 18. Rae1 Ne4 19. Bxg7 Kxg7 {½-½ (19) Bruzon Batista,L (2640)-Fier,A (2528) Chess.com INT 2020}) 12... b5 13. h3 (13. Ne5 {with more complications.} Nxe5 14. dxe5 Ne4 15. axb5 axb5 16. Rxa8 Bxa8 17. f4) 13... Bc6 14. a5 Ne8 15. Bg3 Nd6 16. Rae1 f6 17. Bxd6 exd6 18. Nh2 Qe7 19. Bd1 f5 20. f4 (20. Nhf3 $11) 20... Rae8 21. Bf3 Qh4 22. Nb1 (22. Bd1 $15) 22... Bh6 (22... Nf6 $17 23. Qf2 Qh6) 23. Qf2 Qxf2+ 24. Kxf2 Nf6 25. Nd2 Re7 26. g3 g5 27. Rg1 Kh8 28. Bd1 Bd7 ({Better is} 28... Ne4+ $15 29. Nxe4 dxe4) 29. Rh1 (29. Nhf3 $1 $11 {is more appropriate.}) 29... Rg8 30. Nhf3 gxf4 31. gxf4 Bf8 32. Reg1 Reg7 33. Rxg7 Rxg7 34. Rg1 Be7 35. Rxg7 Kxg7 36. Kg3 Nh5+ 37. Kg2 Nf6 38. Kg3 $1 Ne4+ 39. Nxe4 dxe4 $15 {[%emt 0:00:05][%mdl 4096] Endgame KBB-KBN} ({But not} 39... fxe4 40. Nh4 $16) 40. Ne1 Be8 41. Ng2 Bf7 42. Be2 d5 43. Bd1 Be8 44. Be2 Bf7 45. Bd1 $1 Be8 46. Be2 $1 {[%emt 0:00:10] Weighted Error Value: White=0.10 (very precise) /Black=0.13 (very precise)} 1/2-1/2

[Event "Romanian Superleague 2022"]
[Site "Oradea"]
[Date "2022.09.29"]
[Round "9.18"]
[White "Antal, Hunor-Zoltan"]
[Black "Vilcu, Matei-Stefan"]
[Result "1-0"]
[ECO "D85"]
[WhiteElo "2235"]
[BlackElo "2221"]
[Annotator "TA"]
[PlyCount "67"]
[EventDate "2022.09.21"]
[EventType "team-tourn"]
[EventCountry "ROU"]
[SourceTitle "playchess.com"]
[Source "ChessBase"]
[SourceQuality "1"]
[TimeControl "40/5400+30:1800+30"]

1. Nf3 Nf6 2. c4 g6 3. Nc3 d5 4. cxd5 Nxd5 5. Qa4+ c6 6. Nxd5 Qxd5 7. e4 Qd8 8. d4 Bg7 9. Be3 O-O 10. Be2 Nd7 11. O-O Nf6 {[%emt 0:00:07] D85: Exchange Grünfeld: Unusual White 7th moves and lines with 7 Nf3.} 12. Qc2 Bg4 {[%emt 0:09:25] [#]} 13. h3 $146 ({Predecessor:} 13. Rfd1 Qa5 14. h3 Bxf3 15. Bxf3 Rfd8 16. a3 Rac8 17. b4 Qc7 18. Rac1 Rd7 19. Qa4 {1-0 (57) Dhanush,B (2232)-Nguyen,H (1793) Batumi 2016}) 13... Bxf3 {[%emt 0:00:29] White is slightly better.} 14. Bxf3 Re8 15. Rfd1 e6 {[%emt 0:08:09] Inhibits d5.} 16. Rac1 Qe7 17. g3 e5 18. d5 cxd5 19. exd5 e4 20. Bg2 Rad8 21. Qb3 (21. Bxa7 Nxd5 22. Qb3 b6 $11) 21... b6 22. Bf1 {[%emt 0:05:15] White is more active.} Qe5 {[%emt 0:03:46] [#] A mistake that costs the game.} ({Black should play} 22... Rf8 $14) 23. Bf4 $1 $18 Qf5 24. d6 g5 {[%emt 0:04:47] [#]} (24... a6 {is a better defense.} 25. Rc7 (25. Qxb6 Nd5 $16) (25. Bxa6 Qxh3 26. Rc7 Rf8 $16) 25... Rf8) 25. Rc7 $1 Nd7 (25... Re6 26. Be3) 26. Rd5 Ne5 $2 (26... Be5 {was necessary.}) 27. Bxe5 ({Not} 27. d7 Re7 28. Bxe5 Rxe5 $16) 27... Rxe5 28. Rxe5 Qxe5 29. Qxf7+ Kh8 30. Re7 {[%emt 0:00:25] d7 would kill now.} Qf6 31. Re8+ {[%emt 0:00:13] White mates.} Rxe8 32. Qxe8+ Bf8 33. d7 e3 34. fxe3 {[%emt 0:00:22] Weighted Error Value: White=0.07 (flawless) /Black=0.65} ({Stronger than} 34. d8=Q Qxf2+ 35. Kh1 Qxf1+ 36. Kh2 Qf2+ 37. Kh1 Qf1+ 38. Kh2 Qf2+ 39. Kh1 Qf1+ $11) 1-0